 Dungeon Crawl Stone Soup version 0.31-a0-232-gb1c03b2570 (webtiles) character file.

Game seed: 2369525480513161878

27 qw the Shooter (level 3, -7/21 HPs)
             Began as a Gargoyle Hexslinger on July 6, 2023.
             Mangled by a gnoll
             ... wielding a +0 flail
              (10 damage)
             ... on level 2 of the Dungeon.
             The game lasted 00:00:20 (767 turns).

qw the Shooter (Gargoyle Hexslinger)                 Turns: 767, Time: 00:00:20

Health: -7/21      AC:  6    Str: 11    XL:     3   Next: 10%
Magic:  4/4        EV: 11    Int: 13    God:
Gold:   70         SH:  0    Dex: 14    Spells: 3/4 levels left

rFire   . . .        Y - +1 sling
rCold   . . .        (no shield)
rNeg    + . .        f - +0 leather armour
rPois   inf          (no helmet)
rElec   +            (no cloak)
rCorr   .            (no gloves)
SInv    .            (no boots)
Will    .....        (no amulet)
Stlth   +            (no ring)
HPRegen 0.23/turn    (no ring)
MPRegen 0.09/turn

%: no passive effects
@: no status effects
A: sickness immunity, AC +3, negative energy resistance 1, electricity
resistance, torment resistance 1, petrification resistance
a: no special abilities


You were on level 2 of the Dungeon.
You visited 1 branch of the dungeon, and saw 2 of its levels.

You collected 70 gold pieces.


Innate Abilities, Weirdness & Mutations

You are immune to sickness and miasma.
Your stone body is resilient. (AC +3)
You are immune to poison.
You resist negative energy. (rN+)
You are resistant to electric shocks. (rElec)
You are resistant to unholy torment.
You are immune to petrification.


   Skills:
 + Level 1.7 Fighting
 - Level 3.2 Ranged Weapons
 - Level 1.5 Dodging
 - Level 1.0 Spellcasting
 - Level 2.6 Hexes


You had 3 spell levels left.
You knew the following spells:

 Your Spells              Type           Power      Damage    Failure   Level
a - Slow                  Hex            28%        N/A       12%         1

Your spell library contained the following spells:

 Spells                   Type           Power      Damage    Failure   Level
 Inner Flame              Hex/Fire       4%         N/A       54%         3
 Portal Projectile        Hex/Tloc       8%         N/A       54%         3
 Cause Fear               Hex            3%         N/A       77%         4

Inventory:

Hand Weapons
 Y - a +1 sling (weapon)
Armour
 f - a +0 leather armour (worn)
Scrolls
 a - a scroll of blinking {unknown}
 c - a scroll of identify {unknown}
Potions
 b - a potion of degeneration {unknown}
 e - a potion of might {unknown}
 g - a potion of heal wounds {unknown}

Dungeon Overview and Level Annotations

Branches:
Dungeon (2/15)

Altars:


Message History

You see here a jackal corpse.
A kobold comes into view. It is wielding a +0 club.
Enter note: You shoot a sling bullet.
The sling bullet hits the kobold.
The kobold is severely wounded.
You shoot a sling bullet.
The sling bullet closely misses the kobold.
You shoot a sling bullet. The sling bullet hits the kobold.
You kill the kobold!
Found a stone staircase leading down.
Enter note:
c - a scroll labelled UWKEME NECO A gnoll comes into view.
It is wielding a +0 flail.
Enter note: You shoot a sling bullet.
The sling bullet hits the gnoll but does no damage.
You shoot a sling bullet.
The sling bullet barely misses the gnoll.
The gnoll hits you with a +0 flail. The gnoll closely misses you.
You shoot a sling bullet. The sling bullet hits the gnoll.
The gnoll is moderately wounded.
You hear a shout!
A gnoll comes into view. It is wielding a +0 club.
The gnoll hits you but does no damage.
You shoot a sling bullet. The sling bullet hits the gnoll.
The gnoll is heavily wounded.
The gnoll hits you with a +0 flail.
You shoot a sling bullet. The sling bullet hits the gnoll.
The gnoll is severely wounded.
A gnoll comes into view. It is wielding a +0 flail.
The gnoll hits you but does no damage.
You shoot a sling bullet. The sling bullet hits the gnoll.
The gnoll is almost dead.
The gnoll hits you with a +0 flail. x2
You shoot a sling bullet.
The sling bullet closely misses the gnoll.
The sling bullet hits the gnoll.
The gnoll is moderately wounded.
The gnoll hits you with a +0 flail!
You die...

#######
......)...#
...........#
##..........#
##.#.....#.#
#.#.......#
#.#..###.#######
#.. #......[. #.
#.####### #@#
#g#


gg# .... #.### #. #. # You could see 3 gnolls.

Vanquished Creatures
  An adder (D:2)
  An endoplasm (D:1)
  A giant cockroach (D:2)
  A goblin (D:1)
  A hobgoblin (D:2)
  3 jackals (D:2)
  A quokka (D:2)
  A ball python (D:1)
  A bat (D:2)
  3 frilled lizards
  3 kobolds
17 creatures vanquished.

Notes
Turn   | Place    | Note
-------+----------+-------------------------------------------
     0 | D:1      | qw the Gargoyle Hexslinger began the quest for the Orb.
     0 | D:1      | Reached XP level 1. HP: 12/12 MP: 2/2
     0 | D:1      | 0 ||| qw: Version: 0.3-a-46-gb1f654a
     0 | D:1      | 0 ||| qw: Game counter: 1980
     0 | D:1      | 0 ||| qw: Melee chars always use a shield: true
     0 | D:1      | 0 ||| qw: God list: Okawaru
     0 | D:1      | 0 ||| qw: Allow faded altars: false
     0 | D:1      | 0 ||| qw: Do Orc after clearing Dungeon:15 true
     0 | D:1      | 0 ||| qw: Do second Lair branch before Depths: true
     0 | D:1      | 0 ||| qw: Lair rune preference: random
     0 | D:1      | 0 ||| qw: Goals: Normal
     0 | D:1      | 0 ||| PLANNING D:1-11
   451 | D:1      | 451 ||| UPGRADING to +0 leather armour.
   461 | D:1      | 461 ||| DROPPING +0 robe.
   462 | D:1      | 462 ||| READING scroll labelled VUELYU JO ESCHOIS.
   463 | D:1      | 463 ||| DROPPING scroll of poison.
   509 | D:2      | Reached XP level 2. HP: 13/16 MP: 3/3
   595 | D:2      | HP: 4/16 [adder (3)]
   600 | D:2      | Reached skill level 3 in Ranged Weapons
   716 | D:2      | Reached XP level 3. HP: 20/20 MP: 4/4
   766 | D:2      | HP: 3/21 [gnoll/+0 flail (5)]
   767 | D:2      | Mangled by a gnoll

Levels and vault maps discovered:
D:1:      lightli_arrival_statuegarden, layout_rooms
D:2:      layout_loops_ring, uniq_terence

Skill      XL: |  1  2 |
---------------+-------+-----
Ranged Weapons | 3 |  3.2
Fighting       | |  1.7
Dodging        | |  1.5
Spellcasting   | |  1.0
Hexes          | |  2.6

Action                     || total
---------------------------++-------
   Fire: Sling             ||    86
    Use: Scroll            ||     1
 Armour: Robe              ||     4
         Leather armour    ||    22
  Dodge: Dodged            ||    29

Table legend:
 A = Non-vault XP
 B = Vault XP
 C = Vault XP percentage of total XP
 D = Non-vault monster count
 E = Vault monster count
 F = Vault count percentage of total count
                 A         B        C        D         E       F
            +---------+---------+-------+---------+---------+-------
      Total |      39 |       0 |   0.0 |      17 |       0 |   0.0
            +---------+---------+-------+---------+---------+-------
        D:1 |       8 |       0 |   0.0 |       6 |       0 |   0.0
        D:2 |      31 |       0 |   0.0 |      11 |       0 |   0.0
            +---------+---------+-------+---------+---------+-------
